 Dungeon Crawl Stone Soup version 0.31.0-11-ge490571c62 (webtiles) character file.

Game seed: 1984567333337502809

69592 Minsecho the Unseen (level 14, -2/73 HPs)
             Began as a Spriggan Monk on Feb 2, 2024.
             Was the Champion of Wu Jian.
             Slain by a spriggan rider
             ... wielding a +0 spear
              (23 damage)
             ... on level 1 of the Swamp.
             The game lasted 01:33:36 (25260 turns).

Minsecho the Unseen (Spriggan Monk)                Turns: 25260, Time: 01:33:37

Health: -2/73      AC:  8    Str: 11    XL:     14   Next: 90%
Magic:  26/26      EV: 23    Int: 12    God:    Wu Jian [******]
Gold:   1494       SH: 11    Dex: 18    Spells: 25/27 levels left

rFire   . . .        a - +8 dagger (pain)
rCold   . . .        E - +0 buckler
rNeg    . . .        P - +0 acid dragon scales
rPois   +            (helmet restricted)
rElec   .            K - +0 cloak
rCorr   +            (gloves unavailable)
SInv    +            (boots unavailable)
Will    +++..        C - amulet of reflection
Stlth   +++++++      Q - ring of willpower
HPRegen 0.32/turn    n - ring of poison resistance
MPRegen 0.20/turn

%: reflection
@: very quick
A: very small, no large weapons, unfitting armour, see invisible, speed 3
a: Renounce Religion, Wall Jump, Serpent's Lash, Heavenly Storm


You were on level 1 of the Swamp.
You worshipped Wu Jian.
Wu Jian was exalted by your worship.
You visited 5 branches of the dungeon, and saw 20 of its levels.
You also visited: Sewer.

You collected 1494 gold pieces.

Inventory:

Hand Weapons
 a - a +8 dagger of pain (weapon)
 p - a +0 spectral dagger
 w - a +2 dagger of holy wrath
 z - a +2 dagger of draining
 G - a +1 dagger of venom
Missiles
 k - 18 poisoned darts (quivered)
 O - 4 curare-tipped darts
Armour
 E - a +0 buckler (worn)
 F - a +0 robe of willpower
 K - a +0 cloak (worn)
 P - +0 acid dragon scales (worn)
 R - the +0 robe of Oziulidgh {rPois rC++ Str-5 Archmagi}
   (You found it on level 10 of the Dungeon)

   Str-5:     It affects your strength (-5).
   rC++:      It greatly protects you from cold.
   rPois:     It protects you from poison Archmagi: It increases the power of
   your magical spells.
 W - +0 swamp dragon scales
Jewellery
 j - a +4 ring of protection
 n - a ring of poison resistance (right hand)
 x - the ring "Colemnit" {Fly Will- MP+9 Str+3}
   (You found it in a sewer)

   [ring of magical power]

   Str+3:     It affects your strength (+3).
   Will-:     It decreases your willpower.
   MP+9:      It affects your magic capacity (+9).
   Fly:       It grants you flight.
 C - an amulet of reflection (around neck)
 N - an amulet of the acrobat
 Q - a ring of willpower (left hand)
 V - a +5 ring of evasion
 Y - a ring of fire
Wands
 c - a wand of mindburst (19)
 g - a wand of charming (15)
 y - a wand of flame (10)
 L - a wand of iceblast (10)
 U - a wand of quicksilver (3)
 X - a wand of polymorph (5)
Scrolls
 b - 2 scrolls of summoning {unknown}
 e - 5 scrolls of amnesia
 m - a scroll of vulnerability {unknown}
 o - 2 scrolls of fog
 r - 4 scrolls of teleportation
 s - 2 scrolls of brand weapon {unknown}
 v - 2 scrolls of silence {unknown}
 H - 3 scrolls of enchant armour {unknown}
 J - 2 scrolls of noise {unknown}
 M - 3 scrolls of poison
 T - 4 scrolls of revelation {unknown}
Potions
 d - a potion of degeneration {unknown}
 f - a potion of brilliance
 i - 2 potions of haste
 q - 2 potions of heal wounds
 t - a potion of invisibility
 u - 3 potions of curing
 A - 4 potions of attraction
 B - 2 potions of lignification
 D - a potion of might
 I - 2 potions of mutation
 Z - a potion of enlightenment


   Skills:
 + Level 8.0 Fighting
 + Level 10.7 Short Blades
 * Level 9.3 Throwing
 + Level 4.8 Armour
 + Level 11.4 Dodging
 + Level 17.8 Stealth
 + Level 5.2 Shields
 * Level 7.3 Spellcasting
 * Level 9.0 Necromancy
 + Level 7.0 Translocations
 + Level 5.2 Evocations


You had 25 spell levels left.
You knew the following spells:

 Your Spells              Type           Power      Damage    Failure   Level
a - Blink                 Tloc           42%        N/A       2%          2

Your spell library contained the following spells:

 Spells                   Type           Power      Damage    Failure   Level
 Apportation              Tloc           42%        N/A       1%          1
 Sublimation of Blood     Necr           26%        N/A       1%          2
 Lesser Beckoning         Tloc           42%        N/A       2%          2
 Momentum Strike          Conj/Tloc      24%        3d8       12%         2
 Cigotuvi's Dreadful Rot  Necr/Alch/Air  22%        N/A       14%         2
 Manifold Assault         Tloc           21%        N/A       19%         4
 Passage of Golubria      Tloc           21%        N/A       19%         4
 Magic Dart               Conj           16%        1d3       32%         1
 Call Imp                 Summ           8%         N/A       43%         2
 Summon Forest            Summ/Tloc      6%         N/A       91%         5
 Dispersal                Tloc           10%        N/A       95%         6
 Ignite Poison            Fire/Alch      4%         N/A       97%         4
 Petrify                  Alch/Erth      4%         N/A       97%         4
 Freezing Cloud           Conj/Ice/Air   2%         6-21      100%        5
 Irradiate                Conj/Alch      2%         3d12      100%        5
 Silence                  Hex/Air        2%         N/A       100%        5
 Eringya's Noxious Bog    Alch           2%         4d6       100%        6
 Summon Hydra             Summ           2%         N/A       100%        7
 Disjunction              Tloc           10%        N/A       100%        8
 Lehudib's Crystal Spear  Conj/Erth      2%         10d2      100%        8


Dungeon Overview and Level Annotations

Branches:
Dungeon (12/15)            Temple (1/1) D:6            Lair (5/5) D:9
  Swamp (1/4) Lair:3       Spider (1/4) Lair:3        Slime (0/5) Lair:4
    Orc (0/2) D:11          Sewer (visited)

Altars:
Ashenzari
Cheibriados
Dithmenos
Elyvilon
Fedhas
Gozag
Hepliaklqana
Kikubaaqudgha
Makhleb
Nemelex Xobeh
Okawaru
Qazlal
Ru
Sif Muna
Trog
Uskayaw
Vehumet
Wu Jian
Xom
Yredelemnul
Zin
The Shining One

Annotations:
D:6 1 runed translucent door, Crazy Yiuf, Pikel
Lair:5 2 runed translucent doors


Innate Abilities, Weirdness & Mutations

You are very small and have problems with some larger weapons.
You are too small for most types of armour.
You have supernaturally acute eyesight. (SInv)
You cover ground extremely quickly. (Speed+++)


Message History

The alligator is severely wounded.
You block the alligator's attack. x2
You closely miss the alligator.
The alligator is severely wounded.
The goliath frog hits you but does no damage.
You block the alligator's attack. The alligator bites you!
The alligator drags you backwards!
You hit the alligator but do no damage.
The alligator writhes in agony.
The alligator is almost dead.
You puncture the alligator!
The alligator writhes in agony.
The alligator is almost dead.
The goliath frog hits you from afar!!
You are splashed with acid.
You resist. The alligator closely misses you. The alligator bites you.
* * * LOW HITPOINT WARNING * * *
The alligator drags you backwards!
Splash!
Your unstable footing causes you to fumble your attack.
You block the goliath frog's attack. The alligator tail-slaps you.
* * * LOW HITPOINT WARNING * * *
You block the alligator's attack.
Aiming: Mindburst
Press: ? - help, Shift-Dir - straight line, f - alligator
Aim: an alligator (almost dead, chance to affect: 68%)
Okay, then.
Aiming: Quicksilver Bolt
Press: ? - help, Shift-Dir - straight line, f - alligator
Aim: an alligator (almost dead, 77% to hit)
The bolt of dispelling energy misses the alligator.
You block the goliath frog's attack. You block the alligator's attack.
The alligator barely misses you.
Aiming: Quicksilver Bolt
Press: ? - help, Shift-Dir - straight line, f/p - alligator
Aim: an alligator (almost dead, 77% to hit)
The bolt of dispelling energy hits the alligator!!
You kill the alligator!
The Council accepts your kill. You block the goliath frog's attack.
The goliath frog closely misses you.
The spriggan rider hits you from afar with a +0 spear!!
You die...

~~§.~♣♣ ♣.~~~~....
~~....~~♣ ♣.~~~~....
....~~~.♣ ♣♣...~~...♣
...~~~~.♣ ♣♣...§~....♣
.~$.~~~. ♣.~§~§~..~.♣
...~~~§♣ ♣♣~.~~~~~~~~.
....~~.♣♣♣♣♣♣~♣♣.F†~~§~~.
~~§....<~♣♣~..~§.~i~~§~~~
~~~~~~~~.♣♣..~..@~†~~~~~§
~~~~~~~..♣~..~.~~~~~~~~~§
...†..§~......~~..~.~~~~~
(.~~~~~~............~~~~.
~..~~~~~..~~♣...~§~..~~~>
♣♣..§§~.♣♣♣......~~~.....
♣.......♣ ~[~........~§~.
♣.~..♣♣♣♣♣♣..♣♣.....~.~..
~♣~.~♣ .~♣♣ .~.....


You could see a spriggan rider and a goliath frog.

Vanquished Creatures
  2 entropy weavers
  3 hydras
  A catoblepas (Lair:5)
  2 alligators (Swamp:1)
  2 boulder beetles
  A two-headed ogre (D:11)
  17 death yaks
  2 skysharks
  A goliath frog (Swamp:1)
  A swamp dragon (Lair:3)
  An orb spider (Spider:1)
  A wolf spider (Lair:5)
  An oklob plant (Lair:2)
  An ugly thing (D:12)
  A cyclops (D:11)
  Maurice (D:7)
  Joseph (D:7)
  An elephant (D:9)
  9 black mambas
  14 cane toads
  Maggie (Lair:1)
  2 molten gargoyles
  A gargoyle (D:11)
  3 torpor snails (Lair:4)
  3 rime drakes
  14 komodo dragons
  An unseen horror (D:11)
  2 polar bears
  2 trolls
  A tarantella (Spider:1)
  4 dream sheep
  14 blink frogs
  2 shadows
  3 jumping spiders
  A slime creature (Lair:4)
  2 wraiths (D:10)
  2 culicivoras
  7 basilisks
  6 vampire mosquitoes
  7 wyverns
  39 yaks
  6 redbacks
  Eustachio (D:6)
  4 steam dragons
  Menkaure (D:4)
  Edmund (D:5)
  4 hell hounds (Lair:5)
  17 water moccasins
  Duvessa (D:4)
  3 acid dragons
  Pargi (Sewer)
  A sky beast (D:6)
  4 orc warriors
  An ice beast (D:7)
  4 black bears
  3 ogres
  A laughing skull (D:12)
  6 wolves
  5 centaurs
  2 phantoms
  5 kobold brigands
  A brain worm (Sewer)
  14 bullfrogs
  2 gnoll sergeants
  A scorpion (D:5)
  12 wights
  9 killer bees
  An electric eel (Lair:3)
  4 howler monkeys
  5 lava snakes (Lair:5)
  A bombardier beetle (D:6)
  5 jellies
  A gnoll bouda (D:6)
  8 hounds
  5 orc priests
  3 iron imps (D:4)
  A sleepcap (D:5)
  Natasha (D:2)
  Terence (D:2)
  3 iguanas
  13 orc wizards
  6 hell rats (Lair:5)
  Ijyb (D:3)
  A boggart simulacrum (D:12)
  15 gnolls
  6 river rats (Lair:5)
  9 adders
  A white imp (D:4)
  4 ufetubi
  2 ribbon worms
  A dart slug (D:4)
  40 orcs
  12 ball pythons
  16 bats
  9 endoplasms
  2 giant cockroaches
  9 goblins
  4 hobgoblins
  8 jackals (D:1)
  3 quokkas
  4 frilled lizards
  29 kobolds
  7 rats
531 creatures vanquished.

Vanquished Creatures (collateral kills)
  Dowan (D:4)
  A sleepcap (D:4)
2 creatures vanquished.

Vanquished Creatures (others)
  A blink frog (Lair:3)
  A wyvern (Lair:5)
  A kobold brigand (D:7)
  A killer bee (D:9)
4 creatures vanquished.

Grand Total: 537 creatures vanquished

Notes
Turn   | Place    | Note
-------+----------+-------------------------------------------
     0 | D:1      | Minsecho the Spriggan Monk began the quest for the Orb.
     0 | D:1      | Reached XP level 1. HP: 11/11 MP: 2/2
   157 | D:1      | Reached XP level 2. HP: 9/16 MP: 3/3
   661 | D:1      | Reached XP level 3. HP: 7/19 MP: 4/4
   903 | D:2      | Reached skill level 5 in Dodging
   971 | D:2      | Noticed Terence
  1004 | D:2      | Killed Terence
  1005 | D:2      | Reached XP level 4. HP: 7/23 MP: 5/5
  1165 | D:2      | Found a faded altar of an unknown god.
  1232 | D:2      | Noticed Natasha
  1242 | D:2      | Killed Natasha
  1243 | D:2      | Reached skill level 1 in Stealth
  1402 | D:3      | Found a glowing drain.
  1437 | Sewer    | Entered a sewer
  1444 | Sewer    | Reached XP level 5. HP: 28/28 MP: 6/6
  1504 | Sewer    | Reached skill level 5 in Short Blades
  1615 | Sewer    | Noticed Pargi
  1626 | Sewer    | Killed Pargi
  1627 | Sewer    | Reached XP level 6. HP: 32/32 MP: 7/7
  1635 | Sewer    | Identified the ring "Colemnit" {Fly Will- MP+9 Str+3}
  2093 | D:3      | Reached skill level 2 in Stealth
  2245 | D:3      | Found an iron altar of Okawaru.
  2365 | D:4      | Noticed Ijyb
  2504 | D:4      | Noticed Dowan
  2505 | D:4      | Noticed Duvessa
  2850 | D:4      | Killed Dowan
  2851 | D:4      | Reached skill level 1 in Throwing
  2851 | D:4      | Reached skill level 3 in Stealth
  2972 | D:4      | Reached XP level 7. HP: 35/36 MP: 8/8
  3425 | D:4      | Noticed Menkaure
  3682 | D:3      | Killed Ijyb
  3728 | D:4      | Killed Menkaure
  3729 | D:4      | Reached skill level 4 in Stealth
  3729 | D:4      | Reached skill level 1 in Necromancy
  3826 | D:4      | Found a burning altar of Makhleb.
  3954 | D:4      | Reached skill level 5 in Stealth
  4085 | D:4      | Killed Duvessa
  4086 | D:4      | Reached XP level 8. HP: 12/42 MP: 9/9
  4223 | D:4      | Found a white marble altar of Elyvilon.
  4279 | D:5      | Entered Level 5 of the Dungeon
  4355 | D:5      | Found a stormy altar of Qazlal.
  4457 | D:5      | Reached skill level 1 in Evocations
  4915 | D:5      | Reached skill level 6 in Stealth
  5189 | D:5      | Noticed Edmund
  5209 | D:5      | Killed Edmund
  5818 | D:6      | Reached skill level 7 in Stealth
  5818 | D:6      | Reached XP level 9. HP: 34/45 MP: 10/10
  6032 | D:6      | Noticed Pikel
  6196 | D:6      | Found a blossoming altar of Fedhas.
  6545 | D:6      | Found a staircase to the Ecumenical Temple.
  6549 | D:6      | Identified the +4 war axe of Chagrin {drain, rC+ rN++ MP+9
                  | Str-3}
  6562 | Temple   | Entered the Ecumenical Temple
  6577 | Temple   | Became a worshipper of the Wu Jian Council
  6577 | Temple   | Reached * piety under Wu Jian
  6577 | Temple   | Reached ** piety under Wu Jian
  6725 | D:6      | Found a snail-covered altar of Cheibriados.
  6751 | D:6      | Found a shadowy altar of Dithmenos.
  6983 | D:6      | Noticed Eustachio
  6996 | D:6      | Killed Eustachio
  7037 | D:6      | Found a runed translucent door.
  7038 | D:6      | Noticed Crazy Yiuf
  7165 | D:6      | Reached skill level 8 in Stealth
  7399 | D:7      | Found an opulent altar of Gozag.
  7469 | D:7      | Found a radiant altar of Vehumet.
  7711 | D:7      | Learned a level 2 spell: Blink
  7759 | D:7      | Found an ancient bone altar of Kikubaaqudgha.
  7853 | D:7      | Found a shimmering blue altar of Sif Muna.
  7861 | D:7      | Got Sif Muna's Enchiridion on Translocation
  7976 | D:7      | Noticed Maurice
  7976 | D:7      | Noticed Joseph
  7990 | D:7      | Killed Joseph
  7991 | D:7      | Reached skill level 9 in Stealth
  7991 | D:7      | Reached XP level 10. HP: 31/51 MP: 6/11
  8010 | D:7      | Maurice stole the ring "Colemnit" {Fly Will- MP+9 Str+3}
  8015 | D:7      | Maurice stole a +2 dagger of draining
  8018 | D:7      | Maurice stole 378 gold
  8020 | D:7      | HP: 2/51 [poisoned by Maurice]
  8023 | D:7      | Killed Maurice
  8600 | D:7      | Reached *** piety under Wu Jian
  8741 | D:7      | Found a glowing golden altar of the Shining One.
  8893 | D:7      | Reached skill level 1 in Shields
  8934 | D:7      | Reached skill level 5 in Throwing
  9126 | D:8      | Reached skill level 10 in Stealth
 10554 | D:9      | Reached skill level 11 in Stealth
 10779 | D:9      | Reached skill level 5 in Necromancy
 10845 | D:9      | Identified the +0 dagger "Goblin's Demise" {holy, ^Fragile
                  | Will+++ rCorr SInv}
 10865 | D:9      | Noticed an elephant
 10941 | D:9      | Killed an elephant
 10967 | D:9      | Found a staircase to the Lair.
 11246 | D:9      | Reached XP level 11. HP: 47/54 MP: 12/12
 11312 | D:9      | Reached **** piety under Wu Jian
 11703 | D:10     | Entered Level 10 of the Dungeon
 11722 | D:9      | Reached skill level 10 in Short Blades
 12020 | D:10     | Reached skill level 1 in Translocations
 12165 | D:10     | Identified the +0 robe of Oziulidgh {rPois rC++ Str-5
                  | Archmagi}
 12513 | D:10     | Found a bloodstained altar of Trog.
 12820 | D:11     | Reached skill level 12 in Stealth
 12945 | D:11     | Found a staircase to the Orcish Mines.
 13193 | D:11     | Reached XP level 12. HP: 63/63 MP: 13/13
 13320 | D:11     | Noticed a two-headed ogre
 13330 | D:11     | Killed a two-headed ogre
 13331 | D:11     | Reached skill level 10 in Dodging
 13461 | D:11     | Identified the +6 trident of the Blessed Realm {heavy,
                  | Int+4}
 13477 | D:11     | Reached skill level 1 in Spellcasting
 13928 | D:12     | Noticed a boulder beetle
 13935 | D:12     | Noticed a centaur warrior
 13936 | D:12     | Killed a boulder beetle
 14060 | Lair:1   | Entered Level 1 of the Lair of Beasts
 14232 | Lair:1   | Reached skill level 13 in Stealth
 14253 | Lair:1   | Reached ***** piety under Wu Jian
 14528 | Lair:1   | Noticed Maggie
 14530 | Lair:1   | Killed Maggie
 14690 | Lair:1   | Reached skill level 14 in Stealth
 15433 | Lair:2   | Reached XP level 13. HP: 57/67 MP: 19/19
 16599 | Lair:3   | Found a hole to the Spider Nest.
 16601 | Lair:3   | Reached skill level 5 in Translocations
 16626 | Lair:3   | Reached skill level 15 in Stealth
 16746 | Lair:3   | Found a staircase to the Swamp.
 17081 | Lair:3   | Reached skill level 16 in Stealth
 18458 | Lair:4   | Reached skill level 5 in Spellcasting
 18538 | Lair:4   | Found a staircase to the Slime Pits.
 18850 | Lair:4   | Reached skill level 5 in Evocations
 19729 | Lair:3   | Reached XP level 14. HP: 40/72 MP: 23/23
 20747 | Lair:5   | Entered Level 5 of the Lair of Beasts
 21015 | Lair:5   | Reached skill level 17 in Stealth
 21113 | Lair:5   | Reached ****** piety under Wu Jian
 21952 | Lair:5   | Found a radiant altar of Vehumet.
 22263 | Lair:5   | Found a large runed translucent door.
 23213 | Lair:5   | Found a large runed translucent door.
 23639 | Lair:5   | Reached skill level 5 in Shields
 24432 | Spider:1 | Entered Level 1 of the Spider Nest
 25198 | Swamp:1  | Entered Level 1 of the Swamp
 25260 | Swamp:1  | Slain by a spriggan rider

Illustrated notes

Levels and vault maps discovered:
D:1:      orjb1_lava_funnel, layout_loops_ring, chequers_garden
D:2:      layout_rooms, hellmonk_ecumenical_altar_crossroads,
          grunt_ministairs_15, uniq_terence, uniq_natasha
D:3:      layout_loops_ring, hellmonk_okawaru_the_only_friend_you_need,
          mainiacjoe_sewer_entry_somewhere_in_here_1, nrook_mini_backslash
D:4:      layout_rooms, kennysheep_little_box, demons_altar, hex_large,
          eino_tiny_chamber, uniq_duvessa, uniq_ijyb, uniq_menkaure
D:5:      layout_layer_cave, mainiacjoe_overflow_catwalk, uniq_edmund
D:6:      layout_cave_pods, lemuel_tele_altar, mainiacjoe_overflow_big_doors,
          minmay_temple_entry_offerings, grunt_ministairs_2, minivault_24,
          uniq_eustachio, uniq_crazy_yiuf_cottage, uniq_pikel
D:7:      layout_basic, grunt_temple_overflow_magic_moments,
          nicolae_gozag_seed_capital, tso_oasis_becter, uniq_maurice,
          uniq_joseph
D:8:      layout_layer_cave
D:9:      layout_basic, david_lair_generic
D:10:     layout_roguey, trog_hazing_becter, glass_columns_c
D:11:     layout_roguey, erik_orc_3
D:12:     minmay_dotted_concentric_squares, layout_stronghold, enter_trove_6,
          lemuel_old_faithful
Temple:   hellmonk_temple_forest_ring
Lair:1:   layout_layer_cave, uniq_maggie
Lair:2:   layout_cave_pods, st_stairs_8
Lair:3:   layout_loops_ring, minmay_swamp_entry_reptiles, dummy_spider_entry,
          eino_small_chamber_without_monster, serial_bayou_pond_b
Lair:4:   layout_hall_layers, minmay_slime_entry_pillars, pond
Lair:5:   cheibrodos_lair_end_hotspot, layout_long_grid, basic_altar,
          minmay_hedge_maze, chequers_serial_rivers_room_b,
          kennysheep_abandoned_house
Swamp:1:  layout_basic_swamp, nicolae_swamp_small_spring, uniq_frances,
          uniq_louise, uniq_nikola
Spider:1: layout_spider_delve, nicolae_looking_at_the_future

Skill      XL: |  1  2  3  4  5  6  7  8  9 10 11 12 13 14 |
---------------+-------------------------------------------+-----
Short Blades   | 4 5 6 7 9 10 | 10.7
Dodging        | 5 6 7 8 9 10 11 | 11.4
Stealth        | 1 3 5 7 9 11 12 14 16 17 | 17.8
Fighting       | 3 4 7 8 |  8.0
Throwing       | 1 2 3 4 5 6 7 9 |  9.3
Necromancy     | 1 3 4 5 7 8 9 |  9.0
Evocations     | 2 4 5 |  5.2
Shields        | 2 3 4 5 |  5.2
Translocations | 2 4 6 7 |  7.0
Armour         | 3 4 |  4.8
Spellcasting   | 3 5 7 |  7.3

Action                     |  1- 3 |  4- 6 |  7- 9 | 10-12 | 13-15 || total
---------------------------+-------+-------+-------+-------+-------++-------
  Melee: Short sword       |   177 |   168 |       |       |       ||   345
         Dagger            |       |    70 |   465 |   953 |  1191 ||  2679
         Punch             |       |       |     4 |       |       ||     4
  Throw: Throwing net      |       |     1 |     9 |     2 |     3 ||    15
         Dart              |       |     7 |    24 |     4 |    81 ||   116
   Cast: Blink             |       |       |       |       |    12 ||    12
Ability: Whirlwind         |       |       |    38 |   126 |   176 ||   340
         Lunge             |       |       |    17 |    60 |    70 ||   147
  Evoke: Wand              |       |     3 |    24 |     8 |    38 ||    73
    Use: Potion            |       |     3 |     2 |     4 |     3 ||    12
         Scroll            |       |       |     2 |     5 |    14 ||    21
   Stab: Sleeping          |     1 |     2 |     5 |    30 |    26 ||    64
         Distracted        |       |     1 |       |     6 |     9 ||    16
         Held in net/web   |       |       |     5 |     2 |     5 ||    12
         Petrified         |       |       |       |       |     1 ||     1
 Armour: Robe              |    57 |    49 |    98 |    64 |       ||   268
         Acid dragon scale |       |       |       |    71 |   231 ||   302
  Dodge: Dodged            |   175 |   191 |   263 |   379 |   415 ||  1423
  Block: Other             |       |       |    23 |       |       ||    23
         Buckler           |       |       |     9 |   280 |   349 ||   638
         Reflection        |       |       |     2 |     6 |     4 ||    12
